 Dungeon Crawl Stone Soup version 0.30-a0-305-g026cb31310 (webtiles) character file.

Game seed: 1717379847532223522

6612 sanka the Grappler (level 11, -2/74 (85) HPs)
             Began as a Gnoll Reaver on Oct 22, 2022.
             Was an Initiate of Ashenzari.
             Slain by a spectral orc knight
             ... wielding a +0 great sword
             ... summoned by Nergalle
              (4 damage)
             ... on level 10 of the Dungeon.
             The game lasted 00:28:06 (10860 turns).

sanka the Grappler (Gnoll Reaver)                  Turns: 10860, Time: 00:28:06

HP:   -2/74 (85)    AC: 26    Str: 11    XL:     11   Next: 2%
MP:   16/22         EV: 11    Int: 23    God:    Ashenzari [......]
Gold: 500           SH:  0    Dex:  6    Spells: 14/25 levels left

rFire   + . .      SeeInvis +    a - +10 falchion of Makhleb's Delight {protect, rF+ Int+5 Dex-4}
rCold   + . .      Faith    .    (no shield)
rNeg    . . .      Spirit   .    C - +3 ring mail {rC+}
rPois   .          Reflect  .    j - +0 hat of Ashenzari's Polytheism {Range, Fort} (curse)
rElec   .          Harm     .    M - +0 cloak
rCorr   .          Rampage  .    K - +0 pair of gloves
Will    .....                    u - +2 pair of boots
Stlth   ++........               (no amulet)
HPRegen 0.32/turn                o - +4 ring of protection
MPRegen 0.18/turn                y - ring of see invisible

@: under a protective aura, heavily drained
A: fangs 1, strong nose, distributed training
a: Renounce Religion, Curse Item, Shatter the Chains


You were on level 10 of the Dungeon.
You worshipped Ashenzari.
Ashenzari was noncommittal.
You visited 2 branches of the dungeon, and saw 11 of its levels.

You collected 500 gold pieces.


Innate Abilities, Weirdness & Mutations

You have very sharp teeth.
Your uncanny sense of smell can sniff out nearby items.
Your experience applies equally to all skills.


   Skills:
 + Level 7.7 Fighting
 + Level 6.0 Short Blades
 + Level 6.0 Long Blades
 + Level 6.0 Axes
 + Level 6.0 Maces & Flails
 + Level 6.0 Polearms
 + Level 6.0 Staves
 + Level 6.0(6.5) Ranged Weapons
 + Level 6.0(6.5) Throwing
 + Level 6.0(6.5) Armour
 + Level 7.7 Dodging
 + Level 6.0 Stealth
 + Level 6.0(6.5) Shields
 + Level 9.0 Unarmed Combat
 + Level 7.9 Spellcasting
 + Level 7.5 Conjurations
 + Level 5.0 Hexes
 + Level 5.0 Summonings
 + Level 5.0 Necromancy
 + Level 5.0 Translocations
 + Level 5.0 Transmutations
 + Level 5.0 Fire Magic
 + Level 5.0 Ice Magic
 + Level 5.0 Air Magic
 + Level 5.0 Earth Magic
 + Level 5.0 Poison Magic
 + Level 6.6 Invocations
 + Level 6.0 Evocations


You had 14 spell levels left.
You knew the following spells:

 Your Spells              Type           Power      Damage    Failure   Level
e - Apportation           Tloc           64%        N/A       1%          1
i - Poisonous Vapours     Pois/Air       64%        N/A       2%          2
u - Momentum Strike       Conj/Tloc      76%        3d10      1%          2
y - Kiss of Death         Conj/Necr      100%       2d13      1%          1
z - Stone Arrow           Conj/Erth      76%        3d11      3%          3
N - Passwall              Tmut/Erth      26%        N/A       2%          2

Your spell library contained the following spells:

 Spells                   Type           Power      Damage    Failure   Level
 Magic Dart               Conj           100%       1d8       1%          1
 Necrotise                Necr           100%       1d9       1%          1
 Sandblast                Erth           64%        2d14      1%          1
 Searing Ray              Conj           86%        2d7       1%          2
 Cigotuvi's Dreadful Rot  Necr/Pois/Air  64%        N/A       2%          2
 Dazzling Flash           Conj/Hex       76%        N/A       3%          3
 Hailstorm                Conj/Ice       38%        3d9       3%          3
 Mephitic Cloud           Conj/Pois/Air  36%        N/A       4%          3
 Fulminant Prism          Conj/Hex       19%        3d11      11%         4
 Iskenderun's Mystic Bla  Conj/Tloc      38%        2d9       11%         4
 Alistair's Intoxication  Tmut/Pois      21%        N/A       45%         5
 Starburst                Conj/Fire      19%        6d7       86%         6
 Death's Door             Necr           16%        N/A       100%        9

Inventory:

Hand Weapons
 a - the +10 falchion of Makhleb's Delight (weapon) {protect, rF+ Int+5 Dex-4}

   It grants its wielder temporary protection when it strikes (+7 to AC).
   Int:       It affects your intelligence (+5).
   Dex:       It affects your dexterity (-4).
   rF:        It protects you from fire.
 b - a +1 dagger of electrocution
 t - a +0 whip of distortion
 D - a +2 dire flail of draining
 S - the +7 spear of Twilight {vorpal, rPois rCorr Int+6 SInv}

   It inflicts extra damage upon your enemies.
   Int:       It affects your intelligence (+6).
   rPois:     It protects you from poison.
   SInv:      It lets you see invisible.
   rCorr:     It protects you from acid and corrosion.
Missiles
 s - 7 curare-tipped darts {=f}
Armour
 j - the cursed +0 hat of Ashenzari's Polytheism (worn) {Range, Fort}

   It has a curse which improves the following skills: Ranged Combat: Ranged
   Weapons and Throwing.
   Fortitude: Armour and Shields.
 k - a +0 robe
 u - a +2 pair of boots (worn)
 C - a +3 ring mail of cold resistance (worn)
 K - a +0 pair of gloves (worn)
 M - a +0 cloak (worn)
 W - a +0 helmet
 X - +0 acid dragon scales
Magical Staves
 n - a staff of poison
Jewellery
 d - a ring of poison resistance
 o - a +4 ring of protection (left hand)
 r - a +4 ring of evasion
 x - a ring of protection from fire
 y - a ring of see invisible (right hand)
 J - a ring of wizardry
 V - a ring of fire
Wands
 p - a wand of flame (33)
 z - a wand of roots (13)
 B - a wand of paralysis (11)
Scrolls
 c - 3 scrolls of vulnerability {!r}
 f - 3 scrolls of noise {!r}
 i - a scroll of enchant armour
 l - 5 scrolls of immolation {!r}
 m - 2 scrolls of blinking
 v - 3 scrolls of amnesia
 A - 11 scrolls of teleportation {@r4}
 F - 4 scrolls of fear
 G - 2 scrolls of enchant weapon
 I - a scroll of fog
 L - a scroll of summoning {unknown}
 N - a scroll of torment {unknown}
 O - a scroll of brand weapon {unknown}
 Q - a scroll of magic mapping {unknown}
 R - a scroll of poison {!r}
Potions
 e - a potion of lignification {unknown}
 g - 2 potions of haste {@q3}
 h - 4 potions of curing {@q1}
 q - a potion of cancellation
 w - 4 potions of flight
 H - 3 potions of attraction {!q}
 P - a potion of mutation {unknown}
 T - a potion of berserk rage {unknown}
 U - a potion of magic {unknown}

Dungeon Overview and Level Annotations

Branches:
Dungeon (10/15)            Temple (1/1) D:4             Orc (0/2) D:9
   Lair: D:8-11

Altars:
Ashenzari
Cheibriados
Dithmenos
Elyvilon
Fedhas
Gozag
Hepliaklqana
Kikubaaqudgha
Nemelex Xobeh
Okawaru
Qazlal
Ru
Sif Muna
Trog
Uskayaw
Vehumet
Wu Jian
Yredelemnul
Zin
The Shining One

Annotations:
D:5 2 transporters, Potemkin's ghost, novice FoFi
D:9 exclusion: orange crystal statue
D:10 Nergalle

▒▒▒▒▒..
......†▒▒▒▒▒▒▒▒▒▒▒
......†...........
....†...(.........
..........▒▒▒▒▒▒▒▒
..........▒ ..........▒
..........▒▒▒▒▒▒▒▒▒▒▒▒..▒
............ZZZZgZZ......
............oZ▒▒▒▒▒▒▒▒▒.▒
...........Z)▒
.............▒
..▒▒▒▒▒▒▒▒▒▒▒▒ . ∆∆∆


You could see Nergalle (poisoned), a spectral orc (summoned), 4 spectral orc
warriors and 2 spectral orc knights.


Message History

The spectral orc knight hits you but does no damage.
The spectral orc warrior barely misses you.
Unknown command.
Unknown command.
You hit the spectral orc warrior.
You destroy the spectral orc warrior!
The spectral orc warrior barely misses you.
The spectral orc knight closely misses you.
Unknown command.
You hit the spectral orc knight but do no damage.
You punch the spectral orc knight, but do no damage.
You bite the spectral orc knight, but do no damage.
The spectral orc warrior hits you with a +0 battleaxe.
* * * LOW HITPOINT WARNING * * *
The spectral orc knight hits you from afar with a +3 bardiche.
* * * LOW HITPOINT WARNING * * *
Nergalle casts a spell at you.
Orcish apparitions take form around you.
The spectral orc knight hits you with a +0 great sword.
* * * LOW HITPOINT WARNING * * *
You hit the spectral orc knight but do no damage.
Your bite misses the spectral orc knight.
The spectral orc warrior hits you but does no damage.
The spectral orc knight misses you.
Nergalle gestures at you while chanting.
Orcish apparitions take form around you.
The spectral orc knight hits you with a +0 great sword!
* * * LOW HITPOINT WARNING * * *
You feel drained.
You die...

Action                   |  1- 3 |  4- 6 |  7- 9 | 10-12 || total
-------------------------+-------+-------+-------+-------++-------
Melee: Unarmed           |   123 |    84 |   110 |       ||   317
       Bite              |     8 |     6 |    30 |    25 ||    69
       Punch             |     3 |     3 |    12 |    20 ||    38
       Dagger            |       |       |     8 |       ||     8
       Falchion          |       |       |   165 |   255 ||   420
       Spear             |       |       |       |    10 ||    10
 Cast: Momentum Strike   |     3 |    12 |     4 |       ||    19
       Poisonous Vapours |       |    19 |    38 |    32 ||    89
       Kiss of Death     |       |     1 |       |       ||     1
       Apportation       |       |       |       |     3 ||     3
Invok: Curse Item        |       |       |     1 |       ||     1
Evoke: Wand              |       |       |     6 |       ||     6
  Use: Potion            |       |     2 |       |     2 ||     4
       Scroll            |       |       |    15 |     1 ||    16
 Stab: Sleeping          |     1 |     1 |     3 |     1 ||     6
       Paralysed         |       |       |     5 |       ||     5
Armor: Leather armour    |    28 |       |       |       ||    28
       Robe              |       |    45 |    17 |       ||    62
       Ring mail         |       |       |    77 |   166 ||   243
Dodge: Dodged            |    70 |   108 |   177 |   165 ||   520

Levels and vault maps discovered:
D:1:      lemuel_arrival_room, layout_basic, nrook_campfire
D:2:      layout_basic, basic_altar
D:3:      layout_loops_corners, zin_scriptorium, gammafunk_ghost_nasty_kobolds,
          grunt_decor_resistance, skrybe_limestone_x,
          kennysheep_generic_room_10, uniq_sigmund, uniq_grinder
D:4:      layout_loops_ring, minmay_temple_entry_glassed_door, serial_undead,
          serial_undead_e, serial_undead_f, serial_undead_a, serial_undead_c,
          minivault_23, nicolae_zen_rock_garden, grunt_ministairs_9
D:5:      layout_basic, gammafunk_ghost_smash, dk_noncrumbling_3, uniq_menkaure,
          uniq_ijyb, uniq_edmund
D:6:      minmay_spotlight, layout_loops_cross, serial_park_tiny_2,
          due_unseen_surprise
D:7:      layout_rooms, feat_on_display
D:8:      layout_cave_pools, dk_yredelemnul_ordeal,
          mainiacjoe_overflow_cross_hatched, mainiacjoe_overflow_chevrons,
          uniq_maurice, uniq_prince_ribbit1
D:9:      layout_rooms, mainiacjoe_overflow_surrounded_room,
          nicolae_elyvilon_temple_path, david_orc_3, serial_corexii_hall,
          corexii_hall_statues_x, corexii_hall_statues_deadend, minivault_16
D:10:     layout_long_grid, grunt_temple_overflow_champion_of_chaos,
          dpeg_lair_monsters, hellmonk_guarded_unrand_cigotuvi, uniq_nergalle,
          uniq_harold
Temple:   jpeg_temple_clearing

Notes
Turn   | Place    | Note
-------+----------+-------------------------------------------
     0 | D:1      | sanka the Gnoll Reaver began the quest for the Orb.
     0 | D:1      | Reached XP level 1. HP: 20/20 MP: 6/6
   102 | D:1      | Reached XP level 2. HP: 26/26 MP: 7/7
   105 | D:1      | Learned a level 2 spell: Momentum Strike
   243 | D:1      | Learned a level 2 spell: Poisonous Vapours
   405 | D:1      | Reached skill level 5 in Spellcasting
   405 | D:1      | Reached XP level 3. HP: 27/31 MP: 7/9
   708 | D:1      | Reached skill level 1 in Invocations
  1089 | D:2      | Reached skill level 1 in Short Blades
  1089 | D:2      | Reached skill level 1 in Long Blades
  1089 | D:2      | Reached skill level 1 in Axes
  1089 | D:2      | Reached skill level 1 in Maces & Flails
  1089 | D:2      | Reached skill level 1 in Polearms
  1089 | D:2      | Reached skill level 1 in Staves
  1089 | D:2      | Reached skill level 1 in Ranged Weapons
  1089 | D:2      | Reached skill level 1 in Throwing
  1089 | D:2      | Reached skill level 1 in Armour
  1089 | D:2      | Reached skill level 1 in Stealth
  1089 | D:2      | Reached skill level 1 in Shields
  1089 | D:2      | Reached skill level 1 in Evocations
  1409 | D:2      | Reached XP level 4. HP: 32/38 MP: 11/11
  1458 | D:2      | Found an ornate altar of the Wu Jian Council.
  2097 | D:3      | Reached skill level 1 in Hexes
  2097 | D:3      | Reached skill level 1 in Summonings
  2097 | D:3      | Reached skill level 1 in Necromancy
  2097 | D:3      | Reached skill level 1 in Translocations
  2097 | D:3      | Reached skill level 1 in Transmutations
  2097 | D:3      | Reached skill level 1 in Fire Magic
  2097 | D:3      | Reached skill level 1 in Ice Magic
  2097 | D:3      | Reached skill level 1 in Air Magic
  2097 | D:3      | Reached skill level 1 in Earth Magic
  2097 | D:3      | Reached skill level 1 in Poison Magic
  2513 | D:3      | Noticed Sigmund
  2608 | D:3      | Killed Sigmund
  2609 | D:3      | Reached skill level 5 in Fighting
  2609 | D:3      | Reached skill level 2 in Short Blades
  2609 | D:3      | Reached skill level 2 in Long Blades
  2609 | D:3      | Reached skill level 2 in Axes
  2609 | D:3      | Reached skill level 2 in Maces & Flails
  2609 | D:3      | Reached skill level 2 in Polearms
  2609 | D:3      | Reached skill level 2 in Staves
  2609 | D:3      | Reached skill level 2 in Ranged Weapons
  2609 | D:3      | Reached skill level 2 in Throwing
  2609 | D:3      | Reached skill level 2 in Armour
  2609 | D:3      | Reached skill level 5 in Dodging
  2609 | D:3      | Reached skill level 2 in Stealth
  2609 | D:3      | Reached skill level 2 in Shields
  2609 | D:3      | Reached skill level 2 in Invocations
  2609 | D:3      | Reached skill level 2 in Evocations
  2609 | D:3      | Reached XP level 5. HP: 44/44 MP: 6/12
  2609 | D:3      | Reached XP level 6. HP: 51/51 MP: 7/14
  2850 | D:3      | Noticed Grinder
  2866 | D:3      | Paralysed by Grinder for 3 turns
  2923 | D:3      | Paralysed by Grinder for 4 turns
  2965 | D:3      | HP: 5/51 [Grinder (3)]
  2999 | D:3      | Killed Grinder
  3152 | D:3      | Found a glowing silver altar of Zin.
  3261 | D:3      | Found a runed translucent gate.
  3261 | D:3      | Found a runed translucent gate.
  3262 | D:3      | Found a runed translucent gate.
  3264 | D:3      | Noticed Notanamesir's ghost (amateur DjWr)
  3667 | D:3      | Reached skill level 7 in Unarmed Combat
  3667 | D:3      | Reached XP level 7. HP: 40/50 MP: 11/15
  3738 | D:3      | Killed Notanamesir's ghost
  3739 | D:3      | Reached skill level 2 in Hexes
  3739 | D:3      | Reached skill level 2 in Summonings
  3739 | D:3      | Reached skill level 2 in Necromancy
  3739 | D:3      | Reached skill level 2 in Translocations
  3739 | D:3      | Reached skill level 2 in Transmutations
  3739 | D:3      | Reached skill level 2 in Fire Magic
  3739 | D:3      | Reached skill level 2 in Ice Magic
  3739 | D:3      | Reached skill level 2 in Air Magic
  3739 | D:3      | Reached skill level 2 in Earth Magic
  3739 | D:3      | Reached skill level 2 in Poison Magic
  4132 | D:4      | Got the Atlas of Unholy Damage Dealing
  4140 | D:4      | Found a staircase to the Ecumenical Temple.
  4156 | Temple   | Entered the Ecumenical Temple
  4228 | Temple   | Became a worshipper of Ashenzari the Shackled
  4305 | D:4      | Reached skill level 3 in Invocations
  4461 | D:4      | Reached skill level 6 in Conjurations
  4782 | D:5      | Entered Level 5 of the Dungeon
  4786 | D:5      | Noticed Edmund
  4886 | D:5      | Found a transporter.
  4887 | D:5      | Found a transporter.
  4888 | D:5      | Noticed Potemkin's ghost (novice FoFi)
  4993 | D:5      | Reached skill level 3 in Short Blades
  4993 | D:5      | Reached skill level 3 in Long Blades
  4993 | D:5      | Reached skill level 3 in Axes
  4993 | D:5      | Reached skill level 3 in Maces & Flails
  4993 | D:5      | Reached skill level 3 in Polearms
  4993 | D:5      | Reached skill level 3 in Staves
  4993 | D:5      | Reached skill level 3 in Ranged Weapons
  4993 | D:5      | Reached skill level 3 in Throwing
  4993 | D:5      | Reached skill level 3 in Armour
  4993 | D:5      | Reached skill level 3 in Stealth
  4993 | D:5      | Reached skill level 3 in Shields
  4993 | D:5      | Reached skill level 3 in Evocations
  4993 | D:5      | Reached XP level 8. HP: 62/63 MP: 16/16
  5048 | D:5      | Identified the +10 falchion of Makhleb's Delight {protect,
                  | rF+ Int+5 Dex-4}
  5172 | D:5      | Noticed Ijyb
  5182 | D:5      | Paralysed by Ijyb for 3 turns
  5188 | D:5      | Killed Ijyb
  5270 | D:5      | Reached skill level 6 in Spellcasting
  5313 | D:5      | Noticed Menkaure
  5318 | D:5      | Killed Menkaure
  5344 | D:5      | Killed Edmund
  5525 | D:5      | Reached skill level 3 in Hexes
  5525 | D:5      | Reached skill level 3 in Summonings
  5525 | D:5      | Reached skill level 3 in Necromancy
  5525 | D:5      | Reached skill level 3 in Translocations
  5525 | D:5      | Reached skill level 3 in Transmutations
  5525 | D:5      | Reached skill level 3 in Fire Magic
  5525 | D:5      | Reached skill level 3 in Ice Magic
  5525 | D:5      | Reached skill level 3 in Air Magic
  5525 | D:5      | Reached skill level 3 in Earth Magic
  5525 | D:5      | Reached skill level 3 in Poison Magic
  5525 | D:5      | Reached skill level 4 in Invocations
  6207 | D:6      | Learned a level 2 spell: Passwall
  6211 | D:6      | Learned a level 3 spell: Stone Arrow
  6514 | D:6      | Reached skill level 6 in Fighting
  6514 | D:6      | Reached skill level 6 in Dodging
  6847 | D:6      | Reached XP level 9. HP: 69/69 MP: 18/18
  6849 | D:6      | Reached skill level 4 in Short Blades
  6849 | D:6      | Reached skill level 4 in Long Blades
  6849 | D:6      | Reached skill level 4 in Axes
  6849 | D:6      | Reached skill level 4 in Maces & Flails
  6849 | D:6      | Reached skill level 4 in Polearms
  6849 | D:6      | Reached skill level 4 in Staves
  6849 | D:6      | Reached skill level 4 in Ranged Weapons
  6849 | D:6      | Reached skill level 4 in Throwing
  6849 | D:6      | Reached skill level 4 in Armour
  6849 | D:6      | Reached skill level 4 in Stealth
  6849 | D:6      | Reached skill level 4 in Shields
  6849 | D:6      | Reached skill level 4 in Evocations
  7675 | D:7      | Reached skill level 8 in Unarmed Combat
  7874 | D:8      | Noticed Maurice
  7896 | D:8      | Paralysed by Maurice for 2 turns
  8033 | D:8      | Paralysed by Maurice for 3 turns
  8054 | D:8      | Killed Maurice
  8055 | D:8      | Reached skill level 5 in Invocations
  8095 | D:8      | Found a shimmering blue altar of Sif Muna.
  8110 | D:8      | Noticed Prince Ribbit
  8136 | D:8      | Killed Prince Ribbit
  8137 | D:8      | Reached skill level 7 in Spellcasting
  8137 | D:8      | Reached skill level 4 in Hexes
  8137 | D:8      | Reached skill level 4 in Summonings
  8137 | D:8      | Reached skill level 4 in Necromancy
  8137 | D:8      | Reached skill level 4 in Translocations
  8137 | D:8      | Reached skill level 4 in Transmutations
  8137 | D:8      | Reached skill level 4 in Fire Magic
  8137 | D:8      | Reached skill level 4 in Ice Magic
  8137 | D:8      | Reached skill level 4 in Air Magic
  8137 | D:8      | Reached skill level 4 in Earth Magic
  8137 | D:8      | Reached skill level 4 in Poison Magic
  8166 | D:8      | Found a runed translucent door.
  8171 | D:8      | Found a basalt altar of Yredelemnul.
  8243 | D:8      | Reached skill level 5 in Short Blades
  8243 | D:8      | Reached skill level 5 in Long Blades
  8243 | D:8      | Reached skill level 5 in Axes
  8243 | D:8      | Reached skill level 5 in Maces & Flails
  8243 | D:8      | Reached skill level 5 in Polearms
  8243 | D:8      | Reached skill level 5 in Staves
  8243 | D:8      | Reached skill level 5 in Ranged Weapons
  8243 | D:8      | Reached skill level 5 in Throwing
  8243 | D:8      | Reached skill level 5 in Armour
  8243 | D:8      | Reached skill level 5 in Stealth
  8243 | D:8      | Reached skill level 5 in Shields
  8243 | D:8      | Reached skill level 5 in Evocations
  8243 | D:8      | Reached XP level 10. HP: 76/77 MP: 16/20
  8278 | D:8      | HP: 6/77 [poisoned by a kobold brigand (curare-tipped
                  | dart)]
  8285 | D:8      | Reached skill level 7 in Conjurations
  8531 | D:8      | Found a radiant altar of Vehumet.
  8537 | D:8      | Identified the +7 spear of Twilight {vorpal, rPois rCorr
                  | Int+6 SInv}
  8826 | D:9      | Identified +0 acid dragon scales
  8827 | D:9      | Reached skill level 7 in Fighting
  8827 | D:9      | Reached skill level 7 in Dodging
  9161 | D:8      | Found a radiant altar of Vehumet.
  9307 | D:8      | Found a shimmering blue altar of Sif Muna.
  9325 | D:8      | Found a basalt altar of Yredelemnul.
  9552 | D:9      | Reached skill level 6 in Invocations
  9876 | D:9      | Found a staircase to the Orcish Mines.
 10079 | D:9      | Found a white marble altar of Elyvilon.
 10189 | D:9      | Noticed an orange crystal statue
 10322 | D:9      | Found an ornate altar of the Wu Jian Council.
 10536 | D:9      | Learned a level 1 spell: Apportation
 10644 | D:9      | Noticed a two-headed ogre
 10728 | D:10     | Entered Level 10 of the Dungeon
 10758 | D:10     | Reached skill level 6 in Short Blades
 10758 | D:10     | Reached skill level 6 in Long Blades
 10758 | D:10     | Reached skill level 6 in Axes
 10758 | D:10     | Reached skill level 6 in Maces & Flails
 10758 | D:10     | Reached skill level 6 in Polearms
 10758 | D:10     | Reached skill level 6 in Staves
 10758 | D:10     | Reached skill level 6 in Ranged Weapons
 10758 | D:10     | Reached skill level 6 in Throwing
 10758 | D:10     | Reached skill level 6 in Armour
 10758 | D:10     | Reached skill level 6 in Stealth
 10758 | D:10     | Reached skill level 6 in Shields
 10758 | D:10     | Reached skill level 9 in Unarmed Combat
 10758 | D:10     | Reached skill level 6 in Evocations
 10785 | D:10     | Reached skill level 5 in Hexes
 10785 | D:10     | Reached skill level 5 in Summonings
 10785 | D:10     | Reached skill level 5 in Necromancy
 10785 | D:10     | Reached skill level 5 in Translocations
 10785 | D:10     | Reached skill level 5 in Transmutations
 10785 | D:10     | Reached skill level 5 in Fire Magic
 10785 | D:10     | Reached skill level 5 in Ice Magic
 10785 | D:10     | Reached skill level 5 in Air Magic
 10785 | D:10     | Reached skill level 5 in Earth Magic
 10785 | D:10     | Reached skill level 5 in Poison Magic
 10788 | D:10     | Reached XP level 11. HP: 83/85 MP: 15/22
 10833 | D:10     | Noticed Nergalle
 10851 | D:10     | HP: 1/76 [spectral orc warrior/+0 battleaxe[Nergalle] (13)]
 10860 | D:10     | HP: 2/76 [spectral orc knight/+0 great sword[Nergalle] (9)]
 10860 | D:10     | Slain by a spectral orc knight

Vanquished Creatures
  Maurice (D:8)
  A troll (D:10)
  Grinder (D:3)
  Prince Ribbit (D:8)
  Sigmund (D:3)
  10 yaks
  A human (D:8)
  Edmund (D:5)
  Menkaure (D:5)
  A steam dragon (D:8)
  An acid dragon (D:9)
  2 ice beasts (D:7)
  3 orc warriors
  2 black bears
  3 sky beasts
  An ogre (D:7)
  The ghost of Notanamesir the Ducker, an amateur DjWr of Yredelemnul (D:3)
  2 centaurs (D:8)
  2 phantoms (D:4)
  2 kobold brigands
  A bullfrog (D:8)
  A gnoll sergeant (D:5)
  3 necrophages (D:6)
  A scorpion (D:5)
  4 wights (D:9)
  16 killer bees
  An electric eel (D:9)
  4 howler monkeys
  2 hounds
  3 jellies (D:6)
  An orc priest (D:9)
  A bullfrog skeleton (D:4)
  Ijyb (D:5)
  2 orc wizards
  A hound skeleton (D:4)
  10 gnolls
  5 adders
  A shadow imp (D:8)
  3 white imps
  An ufetubus (D:6)
  An adder zombie (D:4)
  A worm (D:3)
  A dart slug (D:2)
  16 orcs
  7 bats
  10 endoplasms
  A giant cockroach (D:1)
  8 hobgoblins
  8 jackals
  17 kobolds
  3 quokkas
  4 ball pythons
  3 frilled lizards
  9 goblins
  5 rats
194 creatures vanquished.

Vanquished Creatures (others)
  An ogre (D:5)
  A hound (D:4)
  2 gnolls
  3 adders
  A kobold (D:3)
  21 plants
29 creatures vanquished.

Grand Total: 223 creatures vanquished
